 Dungeon Crawl Stone Soup version 0.23.1 (webtiles) character file.

Game seed: 895971169875592434

102 Borgoz the Ruffian (level 4, -6/37 HPs)
             Began as a Ghoul Warper on Mar 7, 2019.
             Killed from afar by an orc wizard (10 damage)
             ... with a magic dart
             ... on level 3 of the Dungeon.
             The game lasted 00:05:20 (2237 turns).

Borgoz the Ruffian (Ghoul Warper)                   Turns: 2237, Time: 00:05:21

Health: -6/37      AC:  4    Str: 14    XL:     4   Next: 78%
Magic:  6/6        EV: 12    Int:  8    God:
Gold:   99         SH:  0    Dex:  9    Spells: 5/7 levels left

rFire    . . .     SeeInvis .     - Unarmed
rCold    + . .     Gourm    .   (no shield)
rNeg     + + +     Faith    .   a - +0 leather armour
rPois    ∞         Spirit   .   (no helmet)
rElec    .         Reflect  .   e - +0 cloak
rCorr    .         Harm     .   (no gloves)
MR       .....                  (no boots)
Stlth    ..........             (no amulet)
HPRegen  0.00/turn              (no ring)
MPRegen  0.10/turn              (no ring)

@: confused, rotting
A: rotting body, claws 1, carnivore, cold resistance 1, negative energy
resistance 3, inhibited regeneration, torment resistance, unbreathing
a: no special abilities


You were on level 3 of the Dungeon.
You were not hungry.

You visited 1 branch of the dungeon, and saw 3 of its levels.

You collected 99 gold pieces.

Inventory:

Hand Weapons
 l - a +0 short sword of venom
Missiles
 d - 5 tomahawks of dispersal (quivered)
Armour
 a - a +0 leather armour (worn)
 e - a +0 cloak (worn)
Potions
 c - a potion of berserk rage {unknown}
 k - 2 potions of flight
Comestibles
 b - 3 chunks of flesh
 f - 5 rations


   Skills:
 + Level 2.7 Fighting
 - Level 0.9 Throwing
 + Level 1.9 Armour
 + Level 2.6 Dodging
 + Level 3.0 Unarmed Combat
 + Level 2.3 Spellcasting
 + Level 2.6 Translocations


You had 5 spell levels left.
You knew the following spells:

 Your Spells              Type           Power        Failure   Level  Hunger
a - Blink                 Tloc           N/A          22%         2    ###....

Your spell library contained the following spells:

 Spells                   Type           Power        Failure   Level  Hunger
 Shroud of Golubria       Chrm/Tloc      #.........   36%         2    ###....
 Gell's Gravitas          Tloc           #.........   38%         3    ####...
 Lesser Beckoning         Tloc           #.........   38%         3    ####...
 Teleport Other           Tloc           #.......     38%         3    ####...
 Passage of Golubria      Tloc           N/A          80%         4    #####..


Dungeon Overview and Level Annotations

Branches:
Dungeon (3/15)

Altars:
Qazlal


Innate Abilities, Weirdness & Mutations

Your body is rotting away.
You thrive on raw meat.
You are immune to poison.
You have sharp fingernails.
You are carnivorous and can eat meat at any time.
Your flesh is cold resistant. (rC+)
You are immune to negative energy. (rN+++)
You do not regenerate when monsters are visible.
You are immune to unholy pain and torment.
You can survive without breathing.


Message History

You are more confused.
You closely miss the orc priest.
The orc priest is moderately wounded.
The orc priest barely misses you. Something hits you but does no damage.
You scratch the orc priest but do no damage.
The orc priest is moderately wounded.
The orc priest closely misses you. Something hits you but does no damage.
Something hits you but does no damage.
You completely miss something.
The orc priest mumbles some strange prayers to Beogh against you.
Beogh smites you!
* * * LOW HITPOINT WARNING * * *
Something hits you but does no damage.
You closely miss the orc priest.
The orc priest is moderately wounded.
The orc priest completely misses you.
You hear some strange, mumbled words.
A magic dart appears from out of thin air!
The magic dart hits you!
You die...

###########
#.........#
#.........#
#.........#
#........@#
#........o#
###(.....÷..########
....................
##...)......#####
###
#.....######...##
#... #....
.####..###### #...
....
.............####...
...
######..............


You could see an orc priest.

Vanquished Creatures
  2 adders
  An ooze (D:1)
  2 worms (D:2)
  3 dart slugs
  4 orcs (D:2)
  10 goblins
  8 hobgoblins (D:1)
  8 jackals (D:1)
  2 quokkas (D:2)
  A ball python (D:2)
  5 bats
  2 frilled lizards
  A jackal skeleton (D:2)
  5 kobolds
  5 rats
59 creatures vanquished.

Notes
Turn   | Place    | Note
-------+----------+-------------------------------------------
     0 | D:1      | Borgoz the Ghoul Warper began the quest for the Orb.
     0 | D:1      | Reached XP level 1. HP: 17/17 MP: 2/2
    16 | D:1      | Reached skill level 1 in Armour
   103 | D:1      | Reached XP level 2. HP: 23/25 MP: 4/4
   250 | D:1      | Reached XP level 3. HP: 12/30 MP: 5/5
  1168 | D:2      | Reached XP level 4. HP: 6/37 MP: 6/6
  1476 | D:2      | Learned a level 2 spell: Blink
  1689 | D:2      | Noticed an air elemental
  1691 | D:2      | Found a stormy altar of Qazlal.
  1692 | D:2      | Noticed a water elemental
  1692 | D:2      | Noticed an earth elemental
  1692 | D:2      | Noticed a fire elemental
  2052 | D:2      | Reached skill level 3 in Unarmed Combat
  2237 | D:3      | Killed from afar by an orc wizard

Skill      XL: |  1  2  3  4 |
---------------+-------------+-----
Armour         | 1 |  1.9
Spellcasting   | 2 |  2.3
Dodging        | 2 |  2.6
Unarmed Combat | 3 |  3.0
Fighting       | |  2.7
Throwing       | |  0.9
Translocations | |  2.6

Action                   |  1- 3 |  4- 6 || total
-------------------------+-------+-------++-------
Melee: Unarmed           |   165 |   106 ||   271
       Punch             |     1 |       ||     1
  Use: Potion            |     2 |     1 ||     3
       Scroll            |       |     4 ||     4
  Eat: Chunk             |    14 |    13 ||    27
Armor: Leather armour    |    29 |    42 ||    71
Dodge: Dodged            |    95 |    97 ||   192
